 Dungeon Crawl Stone Soup version 0.30-a0-605-gb2882149bf (webtiles) character file.

Game seed: 8463970394677128274

39 elagabalus the Chiller (level 3, -1/24 HPs)
             Began as a Merfolk Ice Elementalist on Jan 7, 2023.
             Slain by a gnoll
             ... wielding a +0 club
              (3 damage)
             ... on level 2 of the Dungeon.
             The game lasted 00:15:36 (1156 turns).

elagabalus the Chiller (Merfolk Ice Elementalist)   Turns: 1156, Time: 00:15:37

Health: -1/24      AC:  3    Str:  8    XL:     3   Next: 47%
Magic:  0/6        EV: 12    Int: 16    God:
Gold:   35         SH:  0    Dex: 14    Spells: 5/6 levels left

rFire   . . .      SeeInvis .    l - +1 club
rCold   . . .      Faith    .    (no shield)
rNeg    . . .      Spirit   .    a - +0 robe
rPois   .          Reflect  .    (no helmet)
rElec   .          Harm     .    i - +0 cloak
rCorr   .          Rampage  .    (no gloves)
Will    .....                    (no boots)
Stlth   ++                       (no amulet)
HPRegen 0.24/turn                (no ring)
MPRegen 0.10/turn                (no ring)

@: no status effects
A: (nimble swimmer 2), mertail
a: no special abilities


You were on level 2 of the Dungeon.
You visited 1 branch of the dungeon, and saw 3 of its levels.

You collected 35 gold pieces.

Inventory:

Hand Weapons
 e - a +0 sling
 f - a +0 dagger
 l - a +1 club (weapon)
Missiles
 g - 12 stones
Armour
 a - a +0 robe (worn)
 i - a +0 cloak (worn)
 k - a +0 buckler
Jewellery
 d - an amulet of faith
Scrolls
 m - a scroll of identify {unknown}
 n - a scroll of magic mapping {unknown}
Potions
 b - a potion of magic
 c - 2 potions of curing {unknown}
 h - a potion of brilliance {unknown}
 j - a potion of resistance {unknown}


   Skills:
 - Level 2.6 Dodging
 - Level 2.1 Stealth
 - Level 2.0 Spellcasting
 * Level 5.7 Ice Magic


You had 5 spell levels left.
You knew the following spells:

 Your Spells              Type           Power      Damage    Failure   Level
a - Freeze                Ice            76%        1d8       1%          1

Your spell library contained the following spells:

 Spells                   Type           Power      Damage    Failure   Level
 Frozen Ramparts          Ice            38%        1d6       6%          3
 Ozocubu's Armour         Ice            19%        N/A       6%          3
 Summon Ice Beast         Ice/Summ       10%        N/A       54%         4


Dungeon Overview and Level Annotations

Branches:
Dungeon (3/15)

Altars:
Makhleb

Annotations:
D:3 Jessica


Innate Abilities, Weirdness & Mutations

((You are very nimble when in or above water. (Stealth+, EV+, Speed+++)))
Your lower body shifts to a powerful aquatic tail in water.


Message History

The gnoll hits you with a +0 whip.
Aiming: Freeze (safe; 2% risk of failure)
Press: ? - help, Q - select action, (/) - cycle Shift-Dir - straight line, f/p - gnoll
Aim: a gnoll, wielding a +0 whip (lightly wounded)
You freeze the gnoll!
The gnoll is severely wounded.
The gnoll hits you with a +0 whip!
Aiming: Freeze (safe; 2% risk of failure)
Press: ? - help, Q - select action, (/) - cycle Shift-Dir - straight line, f/p - gnoll
Aim: a gnoll, wielding a +0 whip (severely wounded)
You freeze the gnoll.
The gnoll is almost dead.
The gnoll hits you with a +0 whip.
Aiming: Freeze (safe; 2% risk of failure)
Press: ? - help, Q - select action, (/) - cycle Shift-Dir - straight line, f/p - gnoll
Aim: a gnoll, wielding a +0 whip (almost dead)
You freeze the gnoll.
You kill the gnoll!
A gnoll comes into view. It is wielding a +0 flail.
The gnoll attacks as you move away! The gnoll hits you with a +0 club!
* * * LOW HITPOINT WARNING * * *
You see here a bat corpse.
You hit the gnoll.
The gnoll is lightly wounded.
The gnoll hits you with a +0 club.
* * * LOW HITPOINT WARNING * * *
You hit the gnoll.
The gnoll is moderately wounded.
The gnoll hits you but does no damage. The gnoll barely misses you.
You closely miss the gnoll.
The gnoll is moderately wounded.
The gnoll hits you with a +0 club.
* * * LOW HITPOINT WARNING * * *
Aiming: Freeze (safe; 1% risk of failure)
Press: ? - help, Q - select action, (/) - cycle Shift-Dir - straight line, f - gnoll
Aim: a gnoll, wielding a +0 club (moderately wounded)
You freeze the gnoll.
The gnoll is severely wounded.
The gnoll hits you with a +0 club.
You die...

#
#.#......##
..
#.#.......#
..#
#......##.#
...
....######.#
.. ...## #.#
### #.# #.#
#.# #@###
#.gg##
###†.###
##...# ##.##
#.# #)# #.#
#g#


You could see 2 gnolls.

Vanquished Creatures
  A gnoll (D:2)
  2 endoplasms (D:2)
  4 giant cockroaches
  A goblin (D:1)
  2 hobgoblins (D:1)
  7 kobolds
  A quokka (D:2)
  3 ball pythons
  2 bats
  4 frilled lizards
  2 rats (D:1)
29 creatures vanquished.

Notes
Turn   | Place    | Note
-------+----------+-------------------------------------------
     0 | D:1      | elagabalus the Merfolk Ice Elementalist began the quest for
                  | the Orb.
     0 | D:1      | Reached XP level 1. HP: 13/13 MP: 3/3
   357 | D:1      | Reached XP level 2. HP: 17/19 MP: 1/5
   430 | D:1      | Reached skill level 5 in Ice Magic
   572 | D:1      | Found a faded altar of an unknown god.
   922 | D:3      | Noticed Jessica
   957 | D:2      | Reached XP level 3. HP: 18/24 MP: 0/6
  1077 | D:2      | Found a burning altar of Makhleb.
  1156 | D:2      | Slain by a gnoll

Illustrated notes

Levels and vault maps discovered:
D:1:      matt_arrival_diagonals, layout_basic,
          chequers_ecumenical_altar_simple_redux, minmay_liquid_box,
          minmay_close_crescents
D:2:      layout_rooms, basic_altar
D:3:      gammafunk_steamed_eel, layout_basic, uniq_jessica, uniq_terence

Skill      XL: |  1  2 |
---------------+-------+-----
Ice Magic      | 5 |  5.7
Dodging        | |  2.6
Stealth        | |  2.1
Spellcasting   | |  2.0

Action                   || total
-------------------------++-------
Melee: Dagger            ||     5
       Club              ||     6
 Fire: Sling             ||     1
 Cast: Freeze            ||    48
  Use: Scroll            ||     2
Armor: Robe              ||     7
Dodge: Dodged            ||    33

Table legend: (Time is in decaauts)
 A = Elapsed time spent in this place.
 B = Non-inter-level travel time spent in this place.
 C = Inter-level travel time spent in this place.
 D = Time resting spent in this place.
 E = Time spent auto-exploring this place.
 F = Levels seen in this place.
 G = Mean time per level.
                   A        B        C        D        E       F      G
               +--------+--------+--------+--------+--------+-----+--------+
         Total |   1154 |    365 |    789 |      0 |      0 |   3 |  384.7 |
       Dungeon |   1154 |    365 |    789 |      0 |      0 |   3 |  384.7 |
               +--------+--------+--------+--------+--------+-----+--------+

Top non-repeatable levels by time:
     D:1: 906 daAuts
     D:2: 237 daAuts
     D:3: 11 daAuts
